 Dungeon Crawl Stone Soup version 0.19.4 (webtiles) character file.

1786 Jynx the Frost Mage (level 9, -4/57 HPs)
             Began as a Merfolk Ice Elementalist on Feb 1, 2017.
             Was a Follower of Makhleb.
             Killed from afar by Raymar's ghost (20 damage)
             ... with an orb of energy
             ... on level 6 of the Dungeon.
             The game lasted 00:15:40 (7463 turns).

Jynx the Frost Mage (Merfolk Ice Elementalist)      Turns: 7463, Time: 00:15:41

Health: -4/57      AC: 14    Str:  9    XL:     9   Next: 8%
Magic:  17/25      EV: 17    Int: 17    God:    Makhleb [*.....]
Gold:   277        SH:  0    Dex: 16    Spells: 2 memorised, 14 levels left

rFire  . . .     SeeInvis .     n - +2 dagger (venom)
rCold  + + .     Gourm    .     o - +3 robe of Vexation {rElec rC++ Regen+ MP+9}
rNeg   . . .     Faith    .     (no shield)
rPois  .         Spirit   .     k - +0 helmet
rElec  +         Reflect  .     p - +0 cloak
rCorr  .         Harm     .     (no gloves)
MR     .....                    l - +0 pair of boots
Stlth  ++........               (no amulet)
                                t - +2 ring of intelligence
                                r - ring of wizardry

@: icy armour, very slightly contaminated, slow
A: change form in water, swift swim, stealthy swim
a: Renounce Religion


You were on level 6 of the Dungeon.
You worshipped Makhleb.
Makhleb was aware of your devotion.
You were hungry.

You visited 2 branches of the dungeon, and saw 7 of its levels.

You collected 277 gold pieces.

Inventory:

Hand Weapons
 n - a +2 dagger of venom (weapon)
Armour
 k - a +0 helmet (worn)
 l - a +0 pair of boots (worn)
 o - the +3 robe of Vexation (worn) {rElec rC++ Regen+ MP+9}
   (You found it on level 5 of the Dungeon)

   It greatly protects you from cold.
   It insulates you from electricity.
   It affects your magic capacity (+9).
   It increases your rate of regeneration.
 p - a +0 cloak (worn)
Jewellery
 r - a ring of wizardry (left hand)
 t - a +2 ring of intelligence (right hand)
Scrolls
 e - 5 scrolls of identify
 i - a scroll of enchant weapon {unknown}
 j - a scroll of magic mapping
 q - a scroll of remove curse
 v - a scroll of enchant armour {unknown}
Potions
 d - a potion of brilliance {unknown}
 g - a potion of magic
 s - a potion of might
 u - a potion of flight {unknown}
 w - a potion of resistance {unknown}
Books
 b - a book of Frost

   Spells                             Type                      Level
   a - Freeze                         Ice                          1
   b - Throw Frost                    Conjuration/Ice              2
   c - Ozocubu's Armour               Charms/Ice                   3
   d - Throw Icicle                   Conjuration/Ice              4
   e - Summon Ice Beast               Ice/Summoning                4
 h - a book of Changes

   Spells                             Type                      Level
   a - Beastly Appendage              Transmutation                1
   b - Sticks to Snakes               Transmutation                2
   c - Spider Form                    Transmutation/Poison         3
   d - Ice Form                       Ice/Transmutation            4
   e - Blade Hands                    Transmutation                5
Comestibles
 a - 10 chunks of flesh
 c - 5 bread rations
 f - 3 meat rations
 m - a beef jerky


   Skills:
 + Level 5.5 Short Blades
 + Level 7.1 Dodging
 - Level 2.1 Stealth
 + Level 5.0 Spellcasting
   Level 0.7 Conjurations
 * Level 8.8 Ice Magic


You had 14 spell levels left.
You knew the following spells:

 Your Spells              Type           Power        Failure   Level  Hunger
a - Freeze                Ice            ####         1%          1    None
b - Ozocubu's Armour      Chrm/Ice       ###.....     4%          3    ###....


Dungeon Overview and Level Annotations

Branches:
Dungeon (6/15)             Temple (1/1) D:5

Altars:
Ashenzari
Cheibriados
Dithmenos
Elyvilon
Fedhas
Gozag
Hepliaklqana
Kikubaaqudgha
Makhleb
Nemelex Xobeh
Okawaru
Qazlal
Ru
Sif Muna
Trog
Uskayaw
Vehumet
Xom
Yredelemnul
Zin
The Shining One

Shops:
D:6 ?

Annotations:
D:5 1 runed door
D:6 Raymar's ghost, novice HuCj


Message History

Raymar's ghost completely misses you.
You completely miss Raymar's ghost.
Raymar's ghost is moderately damaged.
Raymar's ghost closely misses you.
You hit Raymar's ghost but do no damage.
Raymar's ghost is moderately damaged.
You barely miss Raymar's ghost.
Raymar's ghost is moderately damaged.
Raymar's ghost closely misses you.
You closely miss Raymar's ghost.
Raymar's ghost is moderately damaged.
Raymar's ghost gestures at you while chanting.
The orb of energy hits you!
* * * LOW HITPOINT WARNING * * *
The orb of energy explodes!
You hit Raymar's ghost but do no damage.
Raymar's ghost is moderately damaged.
Raymar's ghost casts a spell at you. The orb of energy hits you!
You die...

##.####.....#...#.###..#
#.# ##...######.##...#
#.# ##.........##.#.#
#.# #.#########..#.# #.#
#.# #......# #.# ##+#
#.#.##.# ##.# #..
#.#....# #.#.
.....#####..)##.# ##.#
.....lW.@....)# # ###
......#######)# .######
.....
#_>...8.....<...... ...(
#######.####.###### ...
..# # .. .># # ...# .#.#
..#.#


You could see Raymar's ghost and a leopard gecko.

Vanquished Creatures
  Sigmund (D:4)
  A sky beast (D:6)
  An ice beast (D:6)
  A phantom (D:5)
  3 ogres (D:4)
  2 centaurs (D:6)
  A howler monkey (D:5)
  2 electric eels (D:6)
  The ghost of Raymar the Chiller, a weakling HEIE (D:3)
  2 crimson imps (D:5)
  4 orc priests
  5 orc wizards
  A centaur skeleton (D:4)
  A gnoll shaman (D:6)
  3 hounds
  2 worker ants (D:4)
  Robin (D:4)
  9 gnolls
  7 adders
  A shadow imp (D:5)
  3 oozes
  2 adder skeletons
  3 worms
  3 dart slugs
  5 leopard geckos
  10 orcs
  10 bats
  2 giant cockroaches
  18 goblins
  4 hobgoblins
  3 quokkas
  A ball python (D:1)
  6 frilled lizards
  9 kobolds
  A leopard gecko zombie (D:6)
  7 rats
136 creatures vanquished.

Notes
Turn   | Place    | Note
-------+----------+-------------------------------------------
     0 | D:1      | Jynx the Merfolk Ice Elementalist began the quest for the Orb.
     0 | D:1      | Reached XP level 1. HP: 13/13 MP: 3/3
   199 | D:1      | Reached XP level 2. HP: 19/19 MP: 3/5
   485 | D:1      | Reached skill level 4 in Ice Magic
   485 | D:1      | Reached XP level 3. HP: 18/24 MP: 1/6
  1248 | D:1      | Learned a level 3 spell: Ozocubu's Armour
  1305 | D:2      | Reached XP level 4. HP: 30/30 MP: 3/7
  1370 | D:2      | Reached skill level 1 in Short Blades
  1638 | D:2      | Found a faded altar of an unknown god.
  2556 | D:2      | Reached XP level 5. HP: 19/35 MP: 2/9
  3079 | D:3      | Reached skill level 5 in Ice Magic
  3671 | D:3      | Reached XP level 6. HP: 41/41 MP: 10/10
  3723 | D:3      | Noticed Raymar's ghost (weakling HEIE)
  3778 | D:3      | Killed Raymar's ghost
  4207 | D:4      | Noticed Robin
  4284 | D:4      | Noticed Sigmund
  4502 | D:4      | Killed Robin
  4585 | D:4      | Reached skill level 6 in Ice Magic
  4717 | D:4      | Reached XP level 7. HP: 46/46 MP: 1/12
  4913 | D:4      | Killed Sigmund
  4913 | D:4      | Reached skill level 5 in Dodging
  5280 | D:4      | Reached skill level 7 in Ice Magic
  5396 | D:4      | Reached XP level 8. HP: 42/52 MP: 12/14
  5463 | D:5      | Entered Level 5 of the Dungeon
  5471 | D:5      | Found a glowing silver altar of Zin.
  5471 | D:5      | Noticed an angel
  5472 | D:5      | Found a runed door.
  5495 | D:5      | Found a staircase to the Ecumenical Temple.
  5501 | Temple   | Entered the Ecumenical Temple
  5596 | Temple   | Became a worshipper of Makhleb the Destroyer
  6645 | D:5      | Got a tattered robe
  6656 | D:5      | Identified the +3 robe of Vexation {rElec rC++ Regen+ MP+9} (You found it on level 5 of the Dungeon)
  6889 | D:6      | Reached skill level 5 in Short Blades
  6889 | D:6      | Reached skill level 8 in Ice Magic
  7017 | D:6      | Found Weahup's Magic Scroll Boutique.
  7252 | D:6      | Reached * piety under Makhleb
  7281 | D:6      | Reached XP level 9. HP: 39/57 MP: 16/16
  7389 | D:6      | Found a shattered altar of Ashenzari.
  7396 | D:6      | Reached skill level 5 in Spellcasting
  7428 | D:6      | Noticed Raymar's ghost (novice HuCj)
  7463 | D:6      | Killed from afar by Raymar's ghost

Skill      XL: |  1  2  3  4  5  6  7  8  9 |
---------------+----------------------------+-----
Dodging        | 3 4 5 6 7 |  7.1
Ice Magic      | 4 5 6 7 8 |  8.8
Short Blades   | 1 2 3 5 |  5.5
Spellcasting   | 3 4 5 |  5.0
Stealth        | |  2.1
Conjurations   | |  0.7

Action                   |  1- 3 |  4- 6 |  7- 9 || total
-------------------------+-------+-------+-------++-------
Melee: Unarmed           |    11 |       |       ||    11
       Short sword       |     2 |    51 |       ||    53
       Dagger            |       |    10 |   141 ||   151
 Cast: Freeze            |    42 |   138 |    75 ||   255
       Ozocubu's Armour  |       |     2 |     6 ||     8
  Use: Scroll            |     1 |     2 |     8 ||    11
 Stab: Sleeping          |     1 |     3 |     3 ||     7
       Distracted        |       |       |     2 ||     2
  Eat: Chunk             |     2 |    11 |     4 ||    17
       Fruit             |       |     1 |     1 ||     2
       Pizza             |       |       |     2 ||     2
Armor: Robe              |    15 |    15 |    35 ||    65
Dodge: Dodged            |    54 |   118 |   112 ||   284
